 Dungeon Crawl Stone Soup version 0.24.0-123-gd5b16e6ec5 (webtiles) character file.

Game seed: 13590524138849131485, levelgen mode: deterministic

36 Hasart the Insei (level 3, 0/26 HPs)
             Began as a Vampire Transmuter on Jan 15, 2020.
             Succumbed to an adder's poison
             ... on level 2 of the Dungeon.
             The game lasted 00:02:12 (821 turns).

Hasart the Insei (Vampire Transmuter)                Turns: 821, Time: 00:02:13

Health: 0/26       AC:  2    Str: 10    XL:     3   Next: 19%
Magic:  6/6        EV: 13    Int: 15    God:
Gold:   60         SH:  0    Dex: 14    Spells: 5/6 levels left

rFire    . . .     SeeInvis +     - Unarmed
rCold    . . .     Gourm    .   (no shield)
rNeg     . . .     Faith    .   b - +0 robe
rPois    .         Spirit   .   (no helmet)
rElec    .         Reflect  .   (no cloak)
rCorr    .         Harm     .   (no gloves)
MR       .....                  (no boots)
Stlth    ++........             (no amulet)
HPRegen  0.28/turn              (no ring)
MPRegen  0.10/turn              (no ring)

@: lethally poisoned (0 -> -1), regenerating quickly
A: no food, fangs 3, see invisible, unbreathing
a: Exsanguinate


You were on level 2 of the Dungeon.
You were alive.

You visited 1 branch of the dungeon, and saw 2 of its levels.

You collected 60 gold pieces.

Inventory:

Missiles
 a - 25 arrows
 d - a throwing net (quivered)
Armour
 b - a +0 robe (worn)
Scrolls
 c - 2 scrolls of remove curse {unknown}
Potions
 e - a potion of curing {unknown}
 f - a potion of lignification {unknown}


   Skills:
 + Level 1.4 Fighting
 + Level 2.6 Dodging
 + Level 1.9 Stealth
 * Level 3.9 Unarmed Combat
 - Level 2.0 Spellcasting
 - Level 2.1 Transmutations


You had 5 spell levels left.
You knew the following spells:

 Your Spells              Type           Power        Failure   Level  Hunger
a - Beastly Appendage     Tmut           #.....       9%          1    N/A

Your spell library contained the following spells:

 Spells                   Type           Power        Failure   Level  Hunger
 Sticks to Snakes         Tmut           #.......     14%         2    N/A
 Spider Form              Tmut/Pois      #.........   38%         3    N/A
 Ice Form                 Ice/Tmut       #.......     80%         4    N/A
 Blade Hands              Tmut           #.........   94%         5    N/A

Dungeon Overview and Level Annotations

Branches:
Dungeon (2/15)

Altars:


Innate Abilities, Weirdness & Mutations

You do not eat.
Your natural rate of healing is unusually fast.
You have razor-sharp teeth.
You have supernaturally acute eyesight. (SInv)
You can survive without breathing.


Message History

The adder barely misses you. x2
You completely miss the adder. Your bite misses the adder.
The adder is severely wounded.
You feel sick. The adder bites you.
* * * LOW HITPOINT WARNING * * *
You hit the adder.
You kill the adder!
You have reached level 3!
Your experience leads to an increase in your attributes!
Increase (S)trength, (I)ntelligence, or (D)exterity?
You feel stronger.
If you were bloodless you could now transform into a vampire bat.
You feel sick.
Your magical contamination has completely faded away.
You see here a scroll labeled COHUUNLU USUMI.
You feel sick. The rat bites you.
* * * LOW HITPOINT WARNING * * *
The leopard gecko misses you.
You die...

##.##...#####
#....###
#....###
######?.....#
#......%..#.#
...####..†##.#
#lr## # #..#
#@.# #..# #..#
#..# ....
.>.#. ##.#. .#
#


You could see a leopard gecko and a rat.

Vanquished Creatures
  2 adders (D:2)
  A ball python (D:1)
  2 giant cockroaches (D:1)
  6 goblins (D:1)
  A hobgoblin (D:1)
  3 bats
  A kobold (D:1)
  A rat (D:1)
17 creatures vanquished.

Notes
Turn   | Place    | Note
-------+----------+-------------------------------------------
     0 | D:1      | Hasart the Vampire Transmuter began the quest for the Orb.
     0 | D:1      | Reached XP level 1. HP: 14/14 MP: 3/3
     2 | D:1      | Noticed a draconian
     2 | D:1      | Noticed a human
     4 | D:1      | Noticed a tengu
     6 | D:1      | Noticed an ogre
     8 | D:1      | Noticed an octopode
     8 | D:1      | Noticed a naga
    10 | D:1      | Noticed a dwarf
    10 | D:1      | Noticed a troll
    12 | D:1      | Noticed a demigod
    12 | D:1      | Noticed a minotaur
    14 | D:1      | Noticed a demonspawn
    14 | D:1      | Noticed a formicid
    16 | D:1      | Noticed a gargoyle
    16 | D:1      | Noticed a spriggan
    18 | D:1      | Noticed a ghoul
    18 | D:1      | Noticed an elf
    20 | D:1      | Noticed a halfling
    20 | D:1      | Noticed a felid
    22 | D:1      | Noticed a vampire
    24 | D:1      | Noticed a centaur
    26 | D:1      | Noticed a merfolk
    26 | D:1      | Noticed a vine stalker
    73 | D:1      | Reached skill level 1 in Fighting
   195 | D:1      | Reached skill level 1 in Stealth
   255 | D:1      | Reached XP level 2. HP: 21/21 MP: 5/5
   812 | D:2      | Reached XP level 3. HP: 4/26 MP: 6/6
   819 | D:2      | HP: 1/26 [rat (3)]
   821 | D:2      | Succumbed to an adder's poison

Levels and vault maps discovered:
D:1:      kb_arrival_jail, layout_basic
D:2:      layout_loops_ring, grunt_temple_overflow_cloverleaf, first_ration,
          chequers_serial_rivers_micro_c, minmay_pentomino_pile

Skill      XL: |  1 |
---------------+----+-----
Fighting       | 1 |  1.4
Stealth        | 1 |  1.9
Dodging        | |  2.6
Unarmed Combat | |  3.9
Spellcasting   | |  2.0
Transmutations | |  2.1

Action                   || total
-------------------------++-------
Melee: Unarmed           ||    60
       Bite              ||     4
       Punch             ||     1
 Stab: Sleeping          ||     1
Armor: Robe              ||    15
Dodge: Dodged            ||    40
